 Dungeon Crawl Stone Soup version 0.29-a0-25-g7f48f510a0 (webtiles) character file.

Game seed: 8605632016800134200

3 freelancePsychic the Sneak (level 1, -2/14 HPs)
             Began as a Kobold Delver on Jan 31, 2022.
             Slain by a scorpion (5 damage)
             ... on level 4 of the Dungeon.
             The game lasted 00:01:13 (164 turns).

freelancePsychic the Sneak (Kobold Delver)           Turns: 164, Time: 00:01:13

Health: -2/14      AC:  3    Str:  9    XL:     1   Next: 55%
Magic:  1/1        EV: 14    Int: 11    God:
Gold:   42         SH:  0    Dex: 16    Spells: 0/0 levels left

rFire   . . .      SeeInvis .   a - +0 short sword
rCold   . . .      Faith    .   (no shield)
rNeg    . . .      Spirit   .   b - +0 leather armour
rPois   .          Reflect  .   (no helmet)
rElec   .          Harm     .   (no cloak)
rCorr   .          Rampage  .   (no gloves)
Will    .....                   (no boots)
Stlth   ++++......              (no amulet)
HPRegen 0.04/turn               (no ring)
MPRegen 0.07/turn               (no ring)

@: hasted, very quick
A: small, no large weapons, nightstalker 3
a: no special abilities


You were on level 4 of the Dungeon.
You visited 1 branch of the dungeon, and saw 2 of its levels.

You collected 42 gold pieces.

Inventory:

Hand Weapons
 a - a +0 short sword (weapon)
 d - a +0 arbalest
Armour
 b - a +0 leather armour (worn)
Wands
 g - a wand of digging (3)
 h - a wand of iceblast (1)
Scrolls
 c - a scroll of fog


   Skills:
 + Level 3.3 Fighting
 * Level 2.9 Short Blades
 - Level 2.4 Dodging
 + Level 6.6 Stealth


You couldn't memorise any spells.
You didn't know any spells.
Your spell library was empty.

Dungeon Overview and Level Annotations

Branches:
Dungeon (5/15)             Temple (0/1) D:5

Altars:


Innate Abilities, Weirdness & Mutations

You are small and have problems with some larger weapons.
You are completely attuned to the shadows.


Message History

Things that are here:
a +0 club; a boomerang; an orc corpse The orc shouts! x3; You hear an angry growl.
The orc misses you. The orc hits you but does no damage.
The orc hits you with a +0 dagger.
You open the door. The orc completely misses you.
The orc hits you with a +1 dagger of flaming.
The orc burns you.
There is an open door here.
You don't know any spells.
Unknown command.
You feel yourself speed up. The orc barely misses you.
Found 7 gold pieces.
You now have 42 gold pieces (gained 7).
Found a stone staircase leading up.
There is a stone staircase leading up here.
You climb upwards.
Found an arbalest and a white potion.
There is a stone staircase leading down here.
A gnoll comes into view. It is wielding a +0 spear.
The helpless goblin fails to defend itself.
You impale the goblin!!
You kill the goblin!
A scorpion comes into view.
You see here a +0 arbalest.
d - a +0 arbalest You hit the scorpion but do no damage.
You hit the scorpion but do no damage. The scorpion stings you!
Ouch! That really hurt!
* * * LOW HITPOINT WARNING * * *
You aren't carrying any potions.
Okay, then.
Aiming: Iceblast
Press: ? - help, Shift-Dir - straight line The mass of ice explodes!
The iceblast engulfs the scorpion!
The scorpion is heavily wounded.
You hear a shout! x3
The scorpion stings you.
You die...

#########
.........#
#..........#
##..........#
............#
#g.).....!.#
#..........#
#.....>....#
#@s........#
############


You could see a scorpion and a gnoll (wandering).

Vanquished Creatures
  An orc (D:5)
  A goblin (D:4)
2 creatures vanquished.

Notes
Turn   | Place    | Note
-------+----------+-------------------------------------------
     0 | D:5      | freelancePsychic the Kobold Delver began the quest for the
                  | Orb.
     0 | D:5      | Reached XP level 1. HP: 14/14 MP: 1/1
    29 | D:5      | Noticed a hound
    57 | D:5      | Noticed an orc priest
   151 | D:4      | Noticed a scorpion
   164 | D:4      | Slain by a scorpion

Illustrated notes

Levels and vault maps discovered:
D:4:      layout_rooms, kennysheep_vampire_church, gammafunk_ghost_split,
          kennysheep_generic_room_13, uniq_blork_the_orc
D:5:      layout_basic, grunt_temple_overflow_open, mainiacjoe_overflow_paths,
          minmay_temple_entry_gardened_gates

Action                   || total
-------------------------++-------
Melee: Short sword       ||     4
Evoke: Wand              ||     1
  Use: Scroll            ||     2
       Potion            ||     1
 Stab: Sleeping          ||     2
Armor: Leather armour    ||     1
Dodge: Dodged            ||     3

Table legend: (Time is in decaauts)
 A = Elapsed time spent in this place.
 B = Non-inter-level travel time spent in this place.
 C = Inter-level travel time spent in this place.
 D = Time resting spent in this place.
 E = Time spent auto-exploring this place.
 F = Levels seen in this place.
 G = Mean time per level.
                   A        B        C        D        E       F      G
               +--------+--------+--------+--------+--------+-----+--------+
         Total |    149 |    149 |      0 |      0 |     27 |   2 |   74.5 |
       Dungeon |    149 |    149 |      0 |      0 |     27 |   2 |   74.5 |
               +--------+--------+--------+--------+--------+-----+--------+

Top non-repeatable levels by time:
     D:5: 136 daAuts
     D:4: 13 daAuts
